Cogmind - Beta 16 @@@ ROGUE MODE // 2025.11.04 @ 13:54:46 Player: ChromeKnight Result: Destroyed by HL-I2V(R) with Subdweller Machine Gun Performance ------------- Evolutions (0) 0 Regions Visited (3) 600 Robots Destroyed (14) 70 Value Destroyed (365) 365 Prototype IDs (0) 0 Alien Tech Used (0) 0 Bonus (-16) -16 TOTAL SCORE: 1019 Bonus ------- Friendly Fire -16 Cogmind --------- Core Integrity 0/250 Matter 181/300 Energy 49/100 System Corruption 0% Temperature Cool (0) Movement Treading (240) Ox1 Location -10/Subcaves Parts ------- > --- POWER (1) -------- (None) > --- PROPULSION (2) --- Light Treads > --- UTILITY (2) ------ Large Storage Unit > --- WEAPON (2) ------- Subdweller Laser > --- INVENTORY (15) --- Subdweller Power Source Wheel Subdweller Monowheel Subdweller Monowheel Small Storage Unit Structural Scanner Terrain Scan Processor Peak State ------------ > --- POWER ------------ Light Ion Engine > --- PROPULSION ------- Light Treads Light Treads > --- UTILITY ---------- Large Storage Unit Propulsion Shielding > --- WEAPON ----------- Subdweller Laser Flamer > --- INVENTORY -------- Ion Engine Subdweller Power Source Wheel Subdweller Monowheel Subdweller Monowheel Small Storage Unit Structural Scanner Terrain Scan Processor Flamer [Rating: 10] Favorites ----------- Power Ion Engine Engine Ion Engine Propulsion Light Treads Treads Light Treads Utility Large Storage Unit Storage Large Storage Unit Protection Propulsion Shielding Weapon Assault Rifle Energy Gun Subdweller Laser Energy Cannon Subdweller Beam Cannon Ballistic Gun Assault Rifle Launcher Grenade Launcher Special Weapon Flamer Build | -11 -10 -10 -10 ------- Run | Yrd Mat Min Sub Slots Evolved . | . . . . Power . | . . . . Propulsion . | . . . . Utility . | . . . . Weapon . | . . . . Parts Attached 18 | 6 1 . 11 Power 2 | 1 . . 1 Engine 2 | 1 . . 1 Core . | . . . . Reactor . | . . . . Propulsion 4 | 2 . . 2 Treads 4 | 2 . . 2 Leg . | . . . . Wheel . | . . . . Hover . | . . . . Flight . | . . . . Utility 4 | 1 1 . 2 Device . | . . . . Storage 2 | 1 1 . . Processor . | . . . . Hackware . | . . . . Protection 2 | . . . 2 Artifact . | . . . . Weapon 8 | 2 . . 6 Energy Gun 1 | . . . 1 Energy Cannon 1 | . . . 1 Ballistic Gun 3 | 2 . . 1 Ballistic Cannon . | . . . . Launcher 1 | . . . 1 Special Weapon 2 | . . . 2 Impact Weapon . | . . . . Slashing Weapon . | . . . . Piercing Weapon . | . . . . Special Melee Weapon . | . . . . Unidentified Prototypes . | . . . . Parts Lost 11 | . . . 11 Power 2 | . . . 2 Propulsion 3 | . . . 3 Utility 2 | . . . 2 Weapon 4 | . . . 4 Highest Loss Streak 6 | . . . 6 To Critical Strikes . | . . . . Average Backups 6 | . 3 8 8 Power . | . . . 1 Propulsion 1 | . . 2 2 Utility 3 | . 2 5 3 Weapon . | . . 1 . Tool/Special . | . . . . Unused Backups 6 | . . . 6 Power 1 | . . . 1 Propulsion 3 | . . . 3 Utility 2 | . . . 2 Weapon . | . . . . Tool/Special . | . . . . Average Slot Usage (%) 90 | . 85 85 95 Engine 13 | . 14 14 13 Treads 27 | . 28 28 27 Storage 14 | . 14 14 14 Protection 7 | . . . 13 Energy Gun 1 | . . . 2 Energy Cannon 2 | . . . 4 Ballistic Gun 15 | . 28 28 4 Launcher 6 | . . . 11 Peak Build Rating 10 | 6 7 6 10 Average Rating 7 | 4 6 6 8 On Entrance 4 | . 6 6 6 Avg Prop Armor Cover (%) . | . . . . Naked Turns . | . . . . Heaviest Build 37 | 13 28 28 37 Greatest Support 40 | 40 40 40 40 Greatest Overweight (x) 1 | . . . 1 Average Overweight (x) . | . . . . Largest Inventory Capacity 15 | 8 15 15 15 Average Capacity 14 | 7 13 15 15 Most Carried 11 | . 8 8 11 Average Carried 6 | . 3 8 8 Final Capacity 15 | 8 15 15 15 Final Carried 8 | . 8 8 7 Class Distribution -------------------- 100% | Mutant Dominant Class ---------------- Mutant | -10/Materials Mutant | -10/Mines Mutant | -10/Subcaves Resources | -11 -10 -10 -10 ----------- Run | Yrd Mat Min Sub Matter Collected 508 | 203 111 28 166 Remotely . | . . . . Salvage Created 356 | . 100 29 227 Parts 27 | . 9 1 17 Haulers Intercepted 1 | . 1 . . Recyclers Shooed . | . . . . Parts Field Recycled . | . . . . Retrieved Matter . | . . . . Parts Self-Destructed 5 | . . . 5 Prevented . | . . . . Parts Restored . | . . . . Kills | -11 -10 -10 -10 ------- Run | Yrd Mat Min Sub Combat Hostiles Destroyed 10 | . . 2 8 Guns 3 | . . 2 1 Cannons 3 | . . . 3 AOE 4 | . . . 4 Classes Destroyed 7 | . 4 1 2 Worker 1 | . 1 . . Builder 1 | . 1 . . Hauler 1 | . 1 . . Operator 1 | . 1 . . Swarmer 2 | . . 2 . Grunt 2 | . . . 2 Subdweller 6 | . . . 6 Best Kill Streak 3 | . 3 2 3 Combat Bots Only 3 | . . 2 3 Max Kills in Single Turn 1 | . 1 1 1 Gunslinging . | . . . . Exploded 1 | . . . 1 Melee . | . . . . Uniques/NPCs Destroyed . | . . . . Combat | -11 -10 -10 -10 -------- Run | Yrd Mat Min Sub Hostile Shots Fired 91 | . 4 15 72 Missed 22 | . 3 3 16 Hits 69 | . 1 12 56 Projectile 69 | . 1 12 56 Critical Strikes 2 | . . . 2 Damage Taken 1402 | . 14 94 1294 Core 265 | . . 13 252 Absorbed by Shields . | . . . . Redirected to Shielding 106 | . . . 106 Core Remaining (%) 100 | 100 . . . Volleys Fired 58 | . 11 7 40 Largest 2 | . 2 2 2 Hottest 200 | . 40 40 200 Shots Fired 97 | . 22 14 61 Gun 56 | . 22 14 20 Cannon 17 | . . . 17 Launcher 16 | . . . 16 Special 8 | . . . 8 Kinetic 54 | . 22 14 18 Thermal 27 | . . . 27 Explosive 16 | . . . 16 Electromagnetic . | . . . . Robot Hit Streak 35 | . 4 2 35 Robot Miss Streak 6 | . 6 5 3 Penetration Max . | . . . . Secondary Targets 1 | . . . 1 Max Gunslinging Chain 1 | . . . 1 Shots Hit Robots 51 | . 9 3 39 Core Hits 22 | . 6 2 14 Critical Kills . | . . . . Critical Parts Destroyed . | . . . . Critical Strikes 1 | . . . 1 Burn 1 | . . . 1 Melee Attacks . | . . . . Impact . | . . . . Slashing . | . . . . Piercing . | . . . . Sneak Attacks . | . . . . Combat Hostiles . | . . . . Follow-up Attacks . | . . . . Damage Inflicted 923 | . 109 31 783 Guns 267 | . 109 29 129 Cannons 190 | . . . 190 Explosions 417 | . . . 417 Melee . | . . . . Ramming 2 | . . 2 . Kinetic 229 | . 109 29 91 Thermal 275 | . . . 275 Explosive 417 | . . . 417 Electromagnetic . | . . . . Impact . | . . . . Slashing . | . . . . Piercing . | . . . . Highest Corruption . | . . . . Average Corruption . | . . . . Corruption Purged . | . . . . Corruption Blocked . | . . . . Overload Shots . | . . . . Overflow Damage . | . . . . Projectiles . | . . . . Explosions . | . . . . Melee . | . . . . Knockbacks . | . . . . Impact . | . . . . Kinetic . | . . . . Secondary . | . . . . Self-Inflicted Damage 43 | . . . 43 Shots 2 | . . . 2 Rammed 1 | . . 1 . Targets Rammed 1 | . . 1 . Kicked . | . . . . Crushed . | . . . . Highest Temperature 31 | . . . 31 Average Temperature 9 | . . . 9 Received Heat Transfer 228 | . 9 . 219 Siege Activations . | . . . . Martial Activations . | . . . . Shielding Activations . | . . . . Robots Disrupted . | . . . . Combat Hostiles . | . . . . Robots Corrupted . | . . . . Combat Hostiles . | . . . . Parts Fried . | . . . . Impact Corruptions . | . . . . Robots Melted . | . . . . Combat Hostiles . | . . . . Parts Melted 1 | . . . 1 Heat Transferred 789 | . . . 789 Parts Sabotaged . | . . . . Parts Stolen . | . . . . Parts Stripped . | . . . . Power Chain Reactions . | . . . . Alert | -11 -10 -10 -10 ------- Run | Yrd Mat Min Sub Maximum Alert Level . | . . . . Low Security (%) 100 | 100 100 100 . Level 1 . | . . . . Level 2 . | . . . . Level 3 . | . . . . Level 4 . | . . . . Level 5 . | . . . . High Security . | . . . . Max Security . | . . . . Peak Influence 55 | . 12 55 . Initial . | . . . . Average 5 | . . 12 . Influence Increases 137 | . 22 65 50 Destroy 0b10 Robot/C 80 | . . 40 40 Destroy 0b10 Robot/NC 20 | . 20 . . Destroy Leader 22 | . 2 10 10 Lose Combat Pursuer 15 | . . 15 . Influence Decreases 137 | . 20 67 50 Entered New Map 2 | . . 2 . Time Decay 135 | . 20 65 50 Squads Dispatched . | . . . . Investigation . | . . . . Extermination . | . . . . Reinforcement . | . . . . Assault . | . . . . Garrison . | . . . . Intercept . | . . . . Searches Triggered . | . . . . Construction Impeded . | . . . . Haulers Reinforced . | . . . . Active Scanning Responses . | . . . . Cargo Convoy Interrupts . | . . . . Stealth | -11 -10 -10 -10 --------- Run | Yrd Mat Min Sub Distress Signals . | . . . . Communications Jammed . | . . . . Distress Signals . | . . . . Times Spotted 17 | . 4 3 10 Peak Tracking Total 4 | . 4 3 2 Tactical Retreats 1 | . . 1 . Traps | -11 -10 -10 -10 ------- Run | Yrd Mat Min Sub Traps Triggered . | . . . . Indirectly . | . . . . Trap Hack Attempts . | . . . . Triggered . | . . . . Disarmed . | . . . . Reprogrammed . | . . . . Reused . | . . . . Traps Extracted . | . . . . Installed . | . . . . Triggered . | . . . . Machines | -11 -10 -10 -10 ---------- Run | Yrd Mat Min Sub Machines Disabled . | . . . . Max in Single Turn . | . . . . Machines Repaired . | . . . . Machines Dismantled . | . . . . Machines Sabotaged . | . . . . Overloaded Fab Kills . | . . . . Hacking | -11 -10 -10 -10 --------- Run | Yrd Mat Min Sub Machines Accessed 4 | . 4 . . Terminals 4 | . 4 . . Fabricators . | . . . . Repair Stations . | . . . . Recycling Units . | . . . . Scanalyzers . | . . . . Garrison Access . | . . . . Total Hacks 6 | . 6 . . Successful 3 | . 3 . . Failed 3 | . 3 . . Catastrophic 1 | . 1 . . Database Lockouts . | . . . . Manual 6 | . 6 . . Terminals 6 | . 6 . . Fabricators . | . . . . Repair Stations . | . . . . Recycling Units . | . . . . Scanalyzers . | . . . . Garrison Access . | . . . . Terminal Hacks . | . . . . Fabricator Hacks . | . . . . Repair Station Hacks . | . . . . Recycling Unit Hacks . | . . . . Scanalyzer . | . . . . Garrison Access Hacks . | . . . . Unauthorized Hacks 3 | . 3 . . Terminals 3 | . 3 . . Skim 3 | . 3 . . Fabricators . | . . . . Repair Stations . | . . . . Recycling Units . | . . . . Scanalyzers . | . . . . Garrison Access . | . . . . Data Cores Recovered 1 | . 1 . . Used . | . . . . Hacking Detections 1 | . 1 . . Full Trace Events . | . . . . Feedback Events . | . . . . Feedback Blocked . | . . . . Robot Schematics Acquired . | . . . . Robots Built . | . . . . Authchips . | . . . . Time . | . . . . Total Robot Build Rating . | . . . . Part Schematics Acquired . | . . . . Parts Built . | . . . . Authchips . | . . . . Time . | . . . . Total Part Build Rating . | . . . . Part Studies Acquired . | . . . . Parts Repaired . | . . . . Time . | . . . . Parts Recycled . | . . . . Recycled Matter . | . . . . Retrieved Matter . | . . . . Retrieved Components . | . . . . Parts Scanalyzed . | . . . . Part Schematics Acquired . | . . . . Parts Damaged . | . . . . Bothacking | -11 -10 -10 -10 ------------ Run | Yrd Mat Min Sub Used RIF Installer . | . . . . Robots Hacked . | . . . . Non-combat . | . . . . Combat . | . . . . Robot Hacks Applied . | . . . . Relay Couplers Released . | . . . . Fabnet Peak Effective % . | . . . . Robots Rewired . | . . . . Allies Hacked . | . . . . Hacks Repelled . | . . . . Allies | -11 -10 -10 -10 -------- Run | Yrd Mat Min Sub Total Allies . | . . . . Largest Group . | . . . . Highest-Rated Group . | . . . . Highest-Rated Ally . | . . . . Total Orders . | . . . . Ally Attacks . | . . . . Total Damage . | . . . . Kills . | . . . . Allies Corrupted . | . . . . Allies Melted . | . . . . Intel | -11 -10 -10 -10 ------- Run | Yrd Mat Min Sub Active Infowar (turns) . | . . . . Robot Analysis Total . | . . . . Derelict Logs Recovered . | . . . . Drone Launches . | . . . . Drone Recoveries . | . . . . Exploration | -11 -10 -10 -10 ------------- Run | Yrd Mat Min Sub Turns Passed 1384 | 81 317 280 706 Spaces Moved 693 | 52 174 123 344 Core 9 | 9 . . . Treads 684 | 43 174 123 344 Legs . | . . . . Wheels . | . . . . Hover . | . . . . Flight . | . . . . Fastest Speed 50 | 50 160 160 160 Average Speed 158 | 140 160 160 160 Slowest Speed 240 | 160 160 160 240 Overloaded Moves . | . . . . Propulsion Burnouts . | . . . . Robots Hopped . | . . . . Potential Cave-ins . | . . . . Cave-ins Triggered . | . . . . Exploration Rate (%) 22 | 4 29 31 25 Regions Visited 3 Branch Regions 2 Pre-discovered Areas . | . . . . Known Exits Taken . | . . . . Unknown Exits Taken 3 | 1 1 1 . Scrap Searched . | . . . . Spaces Dug . | . . . . Terrain Destroyed 78 | . . . 78 Melee . | . . . . Projectile . | . . . . AOE 78 | . . . 78 Terrain Rammed . | . . . . Walls Destroyed . | . . . . Machines Disabled . | . . . . Actions | -11 -10 -10 -10 --------- Run | Yrd Mat Min Sub Total 871 | 57 193 193 428 Wait 83 | . . 63 20 Move 690 | 51 173 122 344 Hop . | . . . . Pick Up 14 | . 7 . 7 Fast Attach 9 | 6 1 . 2 Attach 9 | . . . 9 Detach 1 | . 1 . . Swap 3 | . . . 3 Drop 3 | . . . 3 Fire 58 | . 11 7 40 Melee . | . . . . Ram . | . . . . Kick . | . . . . Crush 1 | . . 1 . Escape Stasis . | . . . . Rewire . | . . . . Trap . | . . . . Miscellaneous . | . . . . Route ------- -11/Scrapyard -10/Materials (discovered 2 exits: [*Min] / [*Sub]) -10/Mines -10/Subcaves (discovered 1 exit: [*Scr]) History --------- Turn | Location | Event 5 | -11/Scrapyard | Discovered new exit (range 16) 82 | -11/Scrapyard | Entered Materials 287 | -10/Materials | Discovered new exit (range 11) 297 | -10/Materials | Discovered new exit (range 16) 309 | -10/Materials | Build established: Mutant 399 | -10/Materials | Entered Mines 605 | -10/Mines | Discovered new exit (range 5) 651 | -10/Mines | Assembled infested the area 679 | -10/Mines | Entered Subcaves 680 | -10/Subcaves | Shifting Twisted Machinery released Sub. Power Source 680 | -10/Subcaves | Approached by a straggling Scientist 681 | -10/Subcaves | Ambushed by Subdwellers from Twisted Machinery 753 | -10/Subcaves | Lost 4 parts (2n2w) 912 | -10/Subcaves | Ambushed by Subdweller buried in earth 954 | -10/Subcaves | Core integrity fell below 50% 1093 | -10/Subcaves | Shifting Twisted Machinery released Flamer 1203 | -10/Subcaves | Scientist uncovered a shortcut to Scraptown 1382 | -10/Subcaves | Core integrity fell below 20% 1385 | -10/Subcaves | Destroyed by HL-I2V(R) with Subdweller Machine Gun Last Messages --------------- 01168_ Propulsion Shielding destroyed. 01180_ 0F-F19(R) destroyed. DG-QIK(c): "We're getting close, I can feel it." 01189_ The unstable cave ceiling collapses. 01195_ Acquired Flamer. 01199_ Acquired Battle Rifle. 01203_ DG-QIK(c): "Hah, right again, there it is!" 01204_ The unstable cave ceiling collapses. 01204_ DG-QIK(c) exits level. 01211_ The unstable cave ceiling collapses. 01354_ Dropped Battle Rifle. 01354_ Dropped Grenade Launcher. 01372_ Flamer destroyed. 01374_ Lgt. Ion Engine destroyed. 01376_ Lgt. Treads destroyed. 01377_ HL-I2V(R) suffers critical hit (Burn). 01378_ Ion Engine destroyed. 01380_ Propulsion Shielding destroyed. 01382_ Flamer destroyed. Map ----- +----------------------------------------------------+ | ?????????????????????????????????????????????????? | | ?????????????????????????????????????????????????? | | ?????????????????????????????????????????????????? | | ?????????????????????????????????????????????????? | | ?????????????????????????????????????????????????? | | ?????????????????????????????????????????????????? | | ?????????????????????????????????????????????????? | | ?????????????????????????????????????????????????? | | ?????????????????????????????????????????????????? | | ?????????????????????????????????????????????????? | | ?????????????????????????????????????????????????? | | ?????????????????????????????????????????????????? | | ?????????????????????????????????????????????????? | | ?????????????????????????????????????????????????? | | ????????????####?????????????????????????????????? | | ####???????## ##????###?????????????????????????? | | #####??# ###### ##????????????????????????? | | #### #????????????????????????? | | # ## #????????????????????????? | | # #???? ???????????????????? | | ?# ###"##????"#??????????????????? | | ?## #####?###????""?#?????????????????? | | ??## # #####????????"#"""????????????????? | | ??## ##### ## ########"""""?????????????????? | | ?## #??# ## ;# "#???????????????????? | | ?# ##??## @R #???????????????????? | | ?### ##????# R #???????????????????? | | #### #???# ### "#??????????????????? | | ## ##???# ##?######### " #?????????????????? | | #?# ##??## #??????????? # ????????????????? | | ### ##### #??????????? ??????????????? | | ## #??????????? ####?????????????? | | ?# ##??????????? #????????????????? | | ?# #???????????? #???????????????? | | ## ## #????????????? #???????????????? | | # ##?# ###????????????? # #???????????????? | | #??# #??????????????? #???????????????? | | ##?# #?????????????? #???????????????? | | ## ##?????????????? ? #????????????????? | | #????????????????#???????????????????? | | ######?????????????????????????????????? | | #### #?????????????????????????????????? | | ####### #?????????????????????????????????? | | ## # #??????????????????????????????????? | | ##?????????????????????????????????? | | ##????????????????????????????????? | | ## > #????????????????????????????????? | | # ## #????????????????????????????????? | | # ##???????????????????????????????? | | #???????????????????????????????? | +----------------------------------------------------+ Best States ------------- Heat Dissipation 25 Energy Generation 10 Energy Capacity 250 Matter Stores 300 Matter Capacity 300 Sight Range 16 Terrain Scan Density 10 Propulsion Shielding 33 Evasion (%) 40 Recoil Reduction 2 Item Schematics ----------------- None Robot Schematics ------------------ None Fabricated ------------ Nothing Repaired ---------- Nothing Studied --------- None Alien Tech Used ----------------- None Achievements -------------- None Challenges ------------ None Game ------ Seed InsulatedEfficiencyBank Manual? 0 Play Time 00:06:02 Cumulative 504.3 hours Start 2025.11.04 @ 13:48:29 End 2025.11.04 @ 13:54:46 Sessions 1 Manual Loads 0 Difficulty Rogue Special Mode None Game No. 837 Rogue 682 Adventurer 148 Explorer 7 Win Type - Total 24 Types 19/1/3/1/0/0/0/0/0/0 Lore% 73 Gallery% 78 Achievement% 61 Wizard Run 0 Options --------- Layout 1 ASCII 0 Keyboard 0 Movement Numpad Keybinds 0 Fullscreen 2 Font 24/Smallcaps Map View 50x35 Zoom Use 0% Tactical HUD 1 Map Filters NONE Filters NONE Steam 1 RUN: 095286e9-ba0d-4837-aef2-58e1c95d17d9